 Dungeon Crawl Stone Soup version 0.21.1-1-g345015fe64 (webtiles) character file.

88108 Napalmbreeze the Warrior (level 15, -4/163 HPs)
             Began as a Minotaur Berserker on July 16, 2018.
             Was a High Priest of Trog.
             Slain by a white ugly thing (27 damage)
             ... on level 14 of the Dungeon.
             The game lasted 01:09:20 (27690 turns).

Napalmbreeze the Warrior (Minotaur Berserker)      Turns: 27690, Time: 01:09:20

Health: -4/163     AC: 21    Str: 23    XL:     15   Next: 45%
Magic:  0/4        EV: 20    Int:  7    God:    Trog [*****.]
Gold:   1814       SH:  0    Dex: 19    Spells: 14/14 levels left

rFire    . . .     SeeInvis .   i - +6 great mace (antimagic)
rCold    . . .     Gourm    +   (shield currently unavailable)
rNeg     . . .     Faith    .   P - +8 scale mail of Qazlal's Esteem {Dex+4}
rPois    +         Spirit   +   (helmet restricted)
rElec    .         Reflect  .   B - scarf {Spirit}
rCorr    .         Harm     .   R - +0 pair of gloves {archery}
MR       +++..                  d - +1 pair of boots
Stlth    ..........             M - amulet of the gourmand
HPRegen  1.37/turn              v - +3 ring of intelligence
MPRegen  0.09/turn              K - ring of poison resistance

@: regenerating
A: retaliatory headbutt, claws 1, horns 2, robust 1, screaming 1
a: Berserk, Trog's Hand, Brothers in Arms, Burn Spellbooks, Renounce Religion


You were on level 14 of the Dungeon.
You worshipped Trog.
Trog was extremely pleased with you.
You were very full.

You visited 2 branches of the dungeon, and saw 20 of its levels.
You also visited: Labyrinth, Bailey and Ice Cave.

You collected 1814 gold pieces.

Inventory:

Hand Weapons
 i - a +6 antimagic great mace (weapon)
 u - the +8 mace "Quom" {venom, rC+ Str+4}
   (You took it off a goblin on level 4 of the Dungeon)

   It poisons the flesh of those it strikes.
   It affects your strength (+4).
   It protects you from cold.
 L - a +7 battleaxe of chaos
 N - the +4 glaive of the Tiger {chop, *Rage rElec Dex+9 SInv}
   (You found it in a labyrinth)

   It inflicts extra damage upon your enemies.
   It affects your dexterity (+9).
   It insulates you from electricity.
   It lets you see invisible.
   It may make you go berserk in combat.
Armour
 d - a +1 pair of boots (worn)
 e - a +0 shield
 B - a scarf of spirit shield (worn)
 G - the +0 chain mail of Greater Demons {rElec}
   (You found it on level 8 of the Dungeon)

   It insulates you from electricity.
 P - the +8 scale mail of Qazlal's Esteem (worn) {Dex+4}
   (You found it in a labyrinth)

   It affects your dexterity (+4).
 R - a +0 pair of gloves of archery (worn)
Jewellery
 v - a +3 ring of intelligence (left hand)
 x - an uncursed ring of protection from cold
 K - a ring of poison resistance (right hand)
 M - an amulet of the gourmand (around neck)
Wands
 h - a wand of acid (20)
 F - a wand of disintegration (16)
 I - a wand of random effects (20)
 O - a wand of polymorph (16)
Scrolls
 f - a scroll of magic mapping
 k - 13 scrolls of identify
 m - 6 scrolls of teleportation
 p - a scroll of blinking
 t - 3 scrolls of enchant weapon
 w - 2 scrolls of fear {unknown}
 y - 12 scrolls of remove curse
 E - a scroll of holy word {unknown}
 H - a scroll of fog
 Q - 4 scrolls of enchant armour
Potions
 a - 6 potions of might {unknown}
 b - 9 potions of mutation
 g - a potion of resistance {unknown}
 j - 10 potions of curing
 l - 5 potions of heal wounds {unknown}
 n - 5 potions of haste {unknown}
 o - a potion of brilliance {unknown}
 q - 3 potions of agility {unknown}
 r - 3 potions of ambrosia {unknown}
 s - 3 potions of degeneration {unknown}
 A - 4 potions of flight {unknown}
 C - a potion of berserk rage {unknown}
 D - 5 potions of magic {unknown}
 J - 3 potions of cancellation {unknown}
Comestibles
 c - 22 rations


   Skills:
 + Level 17.8 Fighting
 - Level 7.2(13.6) Axes
 * Level 17.6(18.0) Maces & Flails
 - Level 13.0 Armour
 + Level 13.3 Dodging


You had 14 spell levels left.
You didn't know any spells.

Dungeon Overview and Level Annotations

Branches:
Dungeon (14/15)            Temple (0/1) D:5            Lair (6/6) D:9
 Shoals (0/4) Lair:4       Spider (0/4) Lair:3        Slime (0/5) Lair:6
    Orc (0/2) D:12         Vaults (0/5) D:13

Altars:
Cheibriados
Dithmenos
Fedhas
Makhleb
Nemelex Xobeh
Qazlal
Sif Muna
Trog
Vehumet
Xom
Zin
Jiyva

Shops:
D:8 *   D:11 %

Portals:
Trove: D:11 (give +5 fire dragon scales)


Innate Abilities, Weirdness & Mutations

You reflexively headbutt those who attack you in melee.
You have a pair of horns on your head.
You have sharp fingernails.
You are robust. (+10% HP)
You occasionally shout uncontrollably at your foes.


Message History

The white ugly thing tentacle-slaps you.
The white ugly thing freezes you!!
The white ugly thing punches you but does no damage.
Your scale mail of Qazlal's Esteem prevents you from hitting the white ugly thing.
The white ugly thing is severely wounded.
You bludgeon the white ugly thing!!
The white ugly thing is almost dead.
The white ugly thing barely misses you.
The white ugly thing tentacle-slaps you!
The white ugly thing freezes you!!
The white ugly thing punches you but does no damage.
You see here a vampire mosquito corpse.
The white ugly thing punches you. The white ugly thing freezes you!!
* * * LOW HITPOINT WARNING * * *
Your skin crawls.
You feel resistant to hostile enchantments.
You feel somewhat less full. The white ugly thing punches you.
* * * LOW HITPOINT WARNING * * *
The white ugly thing freezes you!!
You die...

.................#
#...#...).......##
##.#..........##
#.##.......###
#.........##
#......####
#.####...#### .
###....### ...
####.@u###.....
###uW.......
####...... .....
.... ... .. .


You could see 2 ugly things and a wraith.

Vanquished Creatures
  A frost giant (IceCv)
  Azrael (D:12)
  Snorg (Lair:6)
  A minotaur (Lab)
  6 hydras
  Erolcha (D:10)
  4 vault guards (D:13)
  5 two-headed ogres
  The ghost of brittlin the Cleaver, a novice HOFi (D:8)
  2 centaur warriors
  7 death yaks
  A skeletal warrior (D:13)
  An unseen horror (D:11)
  A necromancer (D:13)
  An orb spider (shapeshifter) (D:13)
  4 ugly things
  2 cyclopes
  20 spiny frogs
  3 black mambas
  An ice statue (IceCv)
  5 elephants (Lair:6)
  A gargoyle (D:12)
  A freezing wraith (D:14)
  4 komodo dragons
  2 tengu conjurers (D:13)
  4 rime drakes
  A guardian mummy (D:11)
  18 polar bears
  7 trolls
  Prince Ribbit (D:6)
  3 tyrant leeches (Lair:6)
  36 blink frogs
  A hornet (D:13)
  7 slime creatures
  A snapping turtle (Lair:4)
  9 hippogriffs
  A meliai zombie (D:13)
  4 flying skulls (D:13)
  A spriggan (D:8)
  4 shadows (D:13)
  A redback (Lair:3)
  3 wraiths (D:13)
  6 fire elementals (D:12)
  46 yaks
  4 wyverns
  2 basilisks
  Eustachio (D:4)
  2 hungry ghosts
  13 vampire mosquitoes
  2 insubstantial wisps (Lair:5)
  A warg (D:12)
  7 water moccasins
  A hell hound (D:12)
  A swamp drake (Lair:5)
  8 orc warriors
  5 porcupines
  An ice beast (D:5)
  4 sky beasts
  3 black bears
  A phantom (D:8)
  35 wolves
  7 ogres
  6 crocodiles
  3 centaurs
  28 bullfrogs
  3 wyvern zombies
  An earth elemental (Lab)
  2 gnoll sergeants
  A water moccasin zombie (D:12)
  3 scorpions
  8 killer bees
  3 howler monkeys
  3 wights (D:13)
  7 electric eels
  9 crimson imps
  6 bullfrog zombies
  A quasit (D:11)
  8 centaur zombies
  4 bullfrog skeletons
  A gnoll shaman (D:9)
  12 centaur skeletons
  5 orc priests
  10 hounds
  2 jellies
  17 orc wizards
  5 iguanas
  3 iron imps (D:9)
  Natasha (thrice) (D:2)
  16 worker ants
  A hound zombie (D:7)
  A hound skeleton (D:6)
  3 worker ant zombies
  13 adders
  31 gnolls
  3 shadow imps
  2 oozes (D:2)
  3 adder skeletons
  2 worms
  2 dart slugs (D:1)
  3 leopard geckos
  37 orcs
  A ball python (D:2)
  8 bats
  9 giant cockroaches
  10 goblins
  16 hobgoblins
  14 jackals
  7 quokkas
  6 frilled lizards
  3 jackal skeletons
  18 kobolds
  A leopard gecko skeleton (D:4)
  A quokka skeleton (D:10)
  A quokka zombie (D:8)
  9 rats
  A fungus (Lair:6)
  3 plants (Lair:6)
708 creatures vanquished.

Vanquished Creatures (collateral kills)
  The ghost of Napalmbreeze the Warrior, a journeyman MiBe of Trog (D:14)
  The ghost of Vorrek the Cleaver, a journeyman MiAK of Lugonu (Lair:2)
  2 hydras
  4 death yaks (Lair:3)
  3 spiny frogs
  A basilisk (Lair:2)
  2 water moccasins (Lair:2)
14 creatures vanquished.

Vanquished Creatures (others)
  An unseen horror (D:12)
  An orc priest (D:11)
  An orc (D:12)
  33 fungi
  84 plants (Lair:6)
120 creatures vanquished.

Grand Total: 842 creatures vanquished

Notes
Turn   | Place    | Note
-------+----------+-------------------------------------------
     0 | D:1      | Napalmbreeze the Minotaur Berserker began the quest for the Orb.
     0 | D:1      | Reached XP level 1. HP: 19/19 MP: 0/0
   193 | D:1      | Reached XP level 2. HP: 25/27 MP: 1/1
   539 | D:1      | Reached ** piety under Trog
   580 | D:1      | Reached XP level 3. HP: 30/33 MP: 2/2
   843 | D:2      | Found a blossoming altar of Fedhas.
   843 | D:2      | Noticed Natasha
   848 | D:2      | Killed Natasha
   886 | D:2      | Reached XP level 4. HP: 40/40 MP: 3/3
  1352 | D:2      | Noticed Natasha
  1362 | D:2      | Killed Natasha
  1362 | D:2      | Reached skill level 5 in Axes
  1552 | D:2      | Noticed Natasha
  1558 | D:2      | Killed Natasha
  1558 | D:2      | Reached XP level 5. HP: 27/47 MP: 4/4
  1928 | D:3      | Reached *** piety under Trog
  2367 | D:3      | Found a shimmering altar of Xom.
  2368 | D:3      | Found a shimmering altar of Xom.
  2370 | D:3      | Found a shimmering altar of Xom.
  2370 | D:3      | Found a shimmering altar of Xom.
  2370 | D:3      | Found a shimmering altar of Xom.
  2370 | D:3      | Found a shimmering altar of Xom.
  2371 | D:3      | Found a shimmering altar of Xom.
  2435 | D:3      | Reached XP level 6. HP: 3/55 MP: 5/5
  2454 | D:3      | HP: 4/82 [orc wizard/magic dart (10)]
  2870 | D:3      | Reached skill level 5 in Fighting
  2933 | D:3      | Found a deep blue altar of Sif Muna.
  3512 | D:4      | Reached XP level 7. HP: 61/61 MP: 6/6
  3598 | D:4      | Found a sparkling altar of Nemelex Xobeh.
  3598 | D:4      | Found a bloodstained altar of Trog.
  3681 | D:4      | Noticed Eustachio
  3690 | D:4      | Killed Eustachio
  3886 | D:4      | Reached skill level 5 in Armour
  4024 | D:4      | Got a scorched mace {venom}
  4042 | D:4      | Identified the +8 mace "Quom" {venom, rC+ Str+4} (You took it off a goblin on level 4 of the Dungeon)
  4441 | D:5      | Entered Level 5 of the Dungeon
  4473 | D:5      | Reached **** piety under Trog
  4497 | D:5      | Found a shadowy altar of Dithmenos.
  4504 | D:5      | Reached XP level 8. HP: 54/70 MP: 7/7
  4516 | D:5      | Reached skill level 5 in Maces & Flails
  4525 | D:5      | Found a staircase to the Ecumenical Temple.
  4643 | D:5      | Found a snail-covered altar of Cheibriados.
  5404 | D:6      | Reached ***** piety under Trog
  5457 | D:6      | Noticed Prince Ribbit
  5463 | D:6      | Killed Prince Ribbit
  5463 | D:6      | Reached XP level 9. HP: 75/75 MP: 8/8
  5483 | D:6      | Reached skill level 10 in Maces & Flails
  6019 | D:6      | Found a radiant altar of Vehumet.
  6592 | D:7      | Reached skill level 5 in Dodging
  7810 | D:8      | Received a gift from Trog
  7864 | D:8      | Noticed brittlin's ghost (novice HOFi)
  7866 | D:8      | Reached XP level 10. HP: 85/88 MP: 9/9
  7890 | D:8      | Killed brittlin's ghost
  7978 | D:8      | Found Borebbed's General Store.
  8007 | D:8      | Found a flagged portal.
  8037 | Bailey   | Entered a bailey
  8438 | D:8      | Got a sapphire-encrusted chain mail
  8449 | D:8      | Identified the cursed +0 chain mail of Greater Demons {rElec} (You found it on level 8 of the Dungeon)
  8788 | D:9      | Found a staircase to the Lair.
  8987 | D:9      | Received a gift from Trog
  9299 | D:9      | Found a stormy altar of Qazlal.
  9514 | D:9      | Noticed a two-headed ogre
  9526 | D:9      | Killed a two-headed ogre
  9526 | D:9      | Reached skill level 10 in Fighting
  9577 | D:9      | Found a burning altar of Makhleb.
  9679 | D:10     | Entered Level 10 of the Dungeon
  9759 | D:10     | Noticed Erolcha
  9778 | D:10     | Killed Erolcha
  9778 | D:10     | Reached XP level 11. HP: 70/101 MP: 10/10
 10346 | D:10     | Noticed a centaur warrior
 10356 | D:10     | Killed a centaur warrior
 10535 | D:10     | Found a glowing silver altar of Zin.
 10652 | Lair:1   | Entered Level 1 of the Lair of Beasts
 10832 | Lair:1   | Noticed a seven-headed hydra
 10839 | Lair:1   | Killed a seven-headed hydra
 11182 | Lair:1   | You fall through a shaft!
 11228 | Lair:2   | Gained mutation: You tend to lose your temper in combat. [potion of mutation]
 11228 | Lair:2   | Gained mutation: You do not regenerate when monsters are visible. [potion of mutation]
 11228 | Lair:2   | Gained mutation: Armour fits poorly on your strangely shaped body. [potion of mutation]
 11228 | Lair:2   | Lost mutation: You tend to lose your temper in combat. [potion of mutation]
 11232 | Lair:2   | Lost mutation: You do not regenerate when monsters are visible. [potion of mutation]
 11232 | Lair:2   | Lost mutation: Armour fits poorly on your strangely shaped body. [potion of mutation]
 11232 | Lair:2   | Gained mutation: You occasionally shout uncontrollably at your foes. [potion of mutation]
 11232 | Lair:2   | Gained mutation: You have sharp fingernails. [potion of mutation]
 11232 | Lair:2   | Gained mutation: You are robust. (+10% HP) [potion of mutation]
 11442 | Lair:2   | Noticed Vorrek's ghost (journeyman MiAK)
 11449 | Lair:2   | Killed Vorrek's ghost
 11674 | Lair:2   | Noticed a seven-headed hydra
 11679 | Lair:2   | Received a gift from Trog
 11687 | Lair:2   | Killed a seven-headed hydra
 12591 | Lair:3   | Identified a scroll of acquirement
 12744 | Lair:3   | Found a frozen archway.
 12744 | Lair:3   | Noticed a death yak
 12745 | Lair:3   | Noticed a death yak
 12745 | Lair:3   | Noticed a death yak
 12757 | Lair:3   | Killed a death yak
 12757 | Lair:3   | Reached XP level 12. HP: 110/124 MP: 9/11
 12760 | Lair:3   | Killed a death yak
 12762 | Lair:3   | Killed a death yak
 12766 | IceCv    | Entered an ice cave
 12904 | IceCv    | Reached skill level 10 in Armour
 12969 | IceCv    | Noticed a death yak
 12987 | IceCv    | Killed a death yak
 13784 | IceCv    | Noticed a death yak
 13784 | IceCv    | Noticed a frost giant
 13796 | IceCv    | Reached skill level 10 in Dodging
 13803 | IceCv    | Killed a frost giant
 13809 | IceCv    | Killed a death yak
 14031 | IceCv    | Got a scorched dagger
 14424 | Lair:3   | Found a hole to the Spider Nest.
 14939 | Lair:3   | Reached XP level 13. HP: 137/137 MP: 12/12
 15791 | Lair:4   | Reached skill level 15 in Fighting
 16579 | Lair:4   | Found a staircase to the Shoals.
 17134 | Lair:4   | You fall through a shaft for 2 floors!
 17134 | Lair:6   | Entered Level 6 of the Lair of Beasts
 17324 | Lair:6   | Noticed Snorg
 17335 | Lair:6   | Received a gift from Trog
 17356 | Lair:6   | Killed Snorg
 18222 | Lair:6   | Reached XP level 14. HP: 89/150 MP: 9/13
 18462 | Lair:6   | Found a staircase to the Slime Pits.
 18462 | Lair:6   | Found a viscous altar of Jiyva.
 18614 | Lair:5   | Identified the +10 dagger of the Grave {pierce, rC+} (You found it in an ice cave)
 19976 | Lair:6   | Reached skill level 15 in Maces & Flails
 20457 | Lair:6   | Received a gift from Trog
 21770 | D:11     | Found a labyrinth entrance.
 21786 | Lab      | Entered a labyrinth
 22975 | Lab      | Got a translucent glaive
 22975 | Lab      | Got an ichor-stained scale mail
 22996 | Lab      | Identified the +8 scale mail of Qazlal's Esteem {Dex+4} (You found it in a labyrinth)
 23157 | D:10     | Identified the +4 glaive of the Tiger {chop, *Rage rElec Dex+9 SInv} (You found it in a labyrinth)
 23726 | D:11     | Found a blossoming altar of Fedhas.
 23746 | D:11     | Found Padop's Food Emporium.
 24166 | D:11     | Found a portal to a secret trove of treasure.
 24266 | D:12     | Noticed Azrael
 24284 | D:12     | Killed Azrael
 25275 | D:12     | Found a staircase to the Orcish Mines.
 25289 | D:12     | Received a gift from Trog
 25900 | D:13     | Reached XP level 15. HP: 140/161 MP: 4/14
 26732 | D:13     | Found a gate to the Vaults.
 27201 | D:14     | Noticed Napalmbreeze's ghost (journeyman MiBe)
 27213 | D:14     | Killed Napalmbreeze's ghost
 27690 | D:14     | Slain by a white ugly thing

Skill      XL: |  1  2  3  4  5  6  7  8  9 10 11 12 13 14 15 |
---------------+----------------------------------------------+-----
Axes           | 4 5 6 7 |  7.2
Fighting       | 4 5 8 10 12 14 16 17 | 17.8
Armour         | 3 4 5 6 8 9 11 12 13 | 13.0
Dodging        | 3 4 5 7 9 10 11 12 13 | 13.3
Maces & Flails | 4 9 11 12 13 14 16 17 | 17.6

Action                   |  1- 3 |  4- 6 |  7- 9 | 10-12 | 13-15 || total
-------------------------+-------+-------+-------+-------+-------++-------
Melee: Hand axe          |    69 |   166 |    31 |       |       ||   266
       Headbutt          |    11 |    27 |    51 |   149 |   295 ||   533
       Mace              |       |       |   216 |   543 |   421 ||  1180
       Great mace        |       |       |       |       |   571 ||   571
Invok: Berserk           |       |     2 |     2 |     4 |     5 ||    13
       Trog's Hand       |       |     2 |       |     2 |     6 ||    10
       Burn Spellbooks   |       |       |     2 |       |     4 ||     6
       Brothers in Arms  |       |       |       |     5 |     5 ||    10
  Use: Potion            |       |     1 |       |     3 |     1 ||     5
       Scroll            |       |       |     4 |    11 |     5 ||    20
 Stab: Distracted        |       |       |       |     1 |     1 ||     2
  Eat: Chunk             |       |    11 |    11 |    24 |    38 ||    84
       Ration            |       |       |     2 |     2 |     7 ||    11
Armor: Animal skin       |    30 |    26 |       |       |       ||    56
       Chain mail        |       |    18 |   100 |   260 |   184 ||   562
       Skin              |       |     6 |       |       |       ||     6
       Scale mail        |       |       |       |       |   155 ||   155
Dodge: Dodged            |    46 |   101 |   103 |   313 |   718 ||  1281
